[Event "Titled Tuesday Blitz November 01 Late 2022"]
[White "Melikhov, Evgeny V."]
[Black "Dimitrov, Atanas"]
[WhiteFideId "4122046"]
[BlackFideId "2901315"]
[WhiteElo "2169"]
[BlackElo "2761"]
[Result "1-0"]
[Round "01"]
[TimeControl "180+1"]
[Date "2022.11.02"]
[WhiteClock "0:00:05"]
[BlackClock "0:00:02"]

1. d4 Nf6 2. c4 g6 3. Nc3 d5 4. Nf3 Bg7 5. e3 O-O 6. Be2 dxc4 7. Bxc4 a6 8. O-O b5 9. Bd3 Bb7 10. b4 Nbd7 11. a4 bxa4 12. Nxa4 Nd5 13. Bd2 N5f6 14. Nc5 Nxc5 15. bxc5 Ne4 16. Ba5 Bd5 17. Rb1 Qd7 18. Qc2 Qc6 19. Bxc7 Nf6 20. Bg3 Bxf3 21. gxf3 Qxf3 22. Qe2 Qd5 23. Bxa6 Qf5 24. Bb7 Rae8 25. Qf3 Qg5 26. Qf4 Qh5 27. Bf3 g5 28. Qf5 Qh6 29. c6 e6 30. Qd3 g4 31. Bg2 Kh8 32. c7 Nd5 33. Bxd5 exd5 34. Rb8 Qc6 35. Rfb1 Bf6 36. Rxe8 Rxe8 37. Rb8 Kg7 38. Rxe8 Qxe8 39. Qf5 h5 40. c8=Q Qa4 41. Be5 Qd1+ 42. Kg2 Bxe5 43. Qxe5+ f6 44. Qe7+ Kh6 45. Qcf8+ Kg5 46. Qfxf6# 1-0


[Site "https://www.chess.com"]

[Event "Titled Tuesday Blitz November 01 Late 2022"]
[White "Melikyan, Gnel"]
[Black "Zilleruelo Irizarry, Diego"]
[WhiteFideId "54109990"]
[BlackFideId "3101460"]
[WhiteElo "2138"]
[BlackElo "1998"]
[Result "1-0"]
[Round "01"]
[TimeControl "180+1"]
[Date "2022.11.02"]
[WhiteClock "0:01:15"]
[BlackClock "0:00:19"]

1. c4 e6 2. Nc3 d5 3. e3 Nf6 4. Nf3 Be7 5. b3 O-O 6. Bb2 c6 7. Rc1 Nbd7 8. Be2 b6 9. O-O Ba6 10. cxd5 Bxe2 11. Nxe2 cxd5 12. Qc2 Rc8 13. Qxc8 Qxc8 14. Rxc8 Rxc8 15. Rc1 Rxc1+ 16. Bxc1 Nc5 17. Ba3 Bf8 18. Ne5 Nfd7 19. Nxd7 Nxd7 20. Bxf8 Kxf8 21. d4 Nb8 22. Kf1 Nc6 23. Nc3 Ke7 24. Ke2 a6 25. Na4 b5 26. Nc5 Nb8 27. Kd3 Kd6 28. Kc3 Kc6 29. Nd3 Nd7 30. a4 bxa4 31. bxa4 a5 32. Kb3 f6 33. f3 Kd6 34. Kc3 e5 35. e4 dxe4 36. fxe4 exd4+ 37. Kxd4 Ne5 38. Nb2 g5 39. Nc4+ Nxc4 40. Kxc4 Kc6 41. g4 h6 42. h3 Kd6 43. Kb5 h5 44. gxh5 f5 45. exf5 Ke5 46. h6 Kxf5 47. h7 1-0


[Site "https://www.chess.com"]

[Event "Titled Tuesday Blitz November 01 Late 2022"]
[White "Melkumyan, Hrant"]
[Black "Mendez Fortes, Eduardo Jesus"]
[WhiteFideId "13302485"]
[BlackFideId "3502376"]
[WhiteElo "2604"]
[BlackElo "2307"]
[Result "1-0"]
[Round "01"]
[TimeControl "180+1"]
[Date "2022.11.01"]
[WhiteClock "0:01:48"]
[BlackClock "0:00:09"]

1. d4 Nf6 2. c4 e6 3. Bf4 d5 4. e3 Bb4+ 5. Nd2 O-O 6. Nf3 c5 7. dxc5 Bxc5 8. a3 a5 9. Rc1 Ba7 10. Bd3 Nc6 11. O-O Re8 12. Bb1 e5 13. Bg5 e4 14. cxd5 exf3 15. dxc6 fxg2 16. Kxg2 Qd5+ 17. Nf3 bxc6 18. Qxd5 cxd5 19. Bxf6 gxf6 20. Rfd1 Be6 21. Ba2 Rab8 22. Rc2 a4 23. Bxd5 Red8 24. e4 f5 25. Ng5 fxe4 26. Nxe6 fxe6 27. Bxe6+ Kh8 28. Re1 Bd4 29. Rxe4 Bxb2 30. Rxa4 Rd3 31. Ra7 Bxa3 32. Rcc7 1-0


[Site "https://www.chess.com"]

[Event "Titled Tuesday Blitz November 01 Late 2022"]
[White "Mladenovic, Stefan"]
[Black "Saucey, Michel"]
[WhiteFideId "942227"]
[BlackFideId "601845"]
[WhiteElo "2337"]
[BlackElo "2253"]
[Result "1-0"]
[Round "01"]
[TimeControl "180+1"]
[Date "2022.11.02"]
[WhiteClock "0:00:13"]
[BlackClock "0:00:01"]

1. d4 d5 2. Bf4 Nf6 3. e3 e6 4. Nf3 Bd6 5. Bg3 O-O 6. Bd3 c5 7. c3 Qc7 8. Ne5 Nbd7 9. f4 b5 10. Nd2 Rb8 11. Qf3 b4 12. O-O c4 13. Bc2 bxc3 14. bxc3 Rb2 15. Rfc1 Qa5 16. Bh4 Rxa2 17. Rxa2 Qxa2 18. Nxd7 Nxd7 19. Qd1 Qb2 20. Nf3 g6 21. Qd2 Qa3 22. Ne5 Be7 23. Bxe7 Qxe7 24. Ra1 Nxe5 25. fxe5 f6 26. exf6 Qxf6 27. e4 a6 28. e5 Qf7 29. h3 Kg7 30. Qe2 Qf4 31. Rb1 a5 32. Ra1 Bd7 33. Rxa5 Qc1+ 34. Kh2 1-0


[Site "https://www.chess.com"]

[Event "Titled Tuesday Blitz November 01 Late 2022"]
[White "Munoz Sanchez, Miguel"]
[Black "Postny, Evgeny"]
[WhiteFideId "3600734"]
[BlackFideId "2804344"]
[WhiteElo "2166"]
[BlackElo "2473"]
[Result "1/2-1/2"]
[Round "01"]
[TimeControl "180+1"]
[Date "2022.11.02"]
[WhiteClock "0:00:18"]
[BlackClock "0:00:15"]

1. d4 Nf6 2. Nf3 c5 3. g3 cxd4 4. Nxd4 g6 5. Bg2 Bg7 6. c4 Nc6 7. O-O O-O 8. Nc3 Nxd4 9. Qxd4 d6 10. e4 Qa5 11. Qd3 Qh5 12. f3 Bh3 13. Be3 Bxg2 14. Kxg2 a6 15. Rac1 Rac8 16. b3 Rfe8 17. Nd5 Nd7 18. f4 f5 19. exf5 Qxf5 20. Qxf5 gxf5 21. Nb6 Nxb6 22. Bxb6 Kf7 23. Rcd1 Rc6 24. Bd4 e5 25. fxe5 dxe5 26. Bc3 Kg6 27. Rd7 b5 28. Rfd1 bxc4 29. R1d6+ Re6 30. Rxe6+ Rxe6 31. bxc4 Rc6 32. Rd5 Rxc4 33. Bxe5 Rc2+ 34. Kf3 Bxe5 35. Rxe5 Rxa2 36. h4 Ra3+ 37. Kf4 Ra4+ 38. Kf3 Kf6 39. Rc5 Ra3+ 40. Kf4 Ra4+ 41. Kf3 a5 42. Rc6+ Ke5 43. Rc5+ Ke6 44. Rc6+ Kd5 45. Rh6 Rb4 46. Rxh7 Kc4 47. Kf4 a4 48. Kxf5 a3 49. Ra7 Kb3 50. Rxa3+ Kxa3 51. h5 Rb3 52. g4 Rh3 53. Kg6 Kb4 54. h6 Kc5 55. h7 Kd6 56. Kg7 Ke6 57. g5 Kf5 58. g6 Kg5 59. h8=Q Rxh8 60. Kxh8 Kxg6 1/2-1/2


[Site "https://www.chess.com"]

[Event "Titled Tuesday Blitz November 01 Late 2022"]
[White "Naroditsky, Daniel"]
[Black "Souleidis, Georgios"]
[WhiteFideId "2026961"]
[BlackFideId "4206827"]
[WhiteElo "2628"]
[BlackElo "2401"]
[Result "1-0"]
[Round "01"]
[TimeControl "180+1"]
[Date "2022.11.01"]
[WhiteClock "0:02:16"]
[BlackClock "0:00:13"]

1. d4 d5 2. Nc3 e6 3. e4 Nf6 4. exd5 exd5 5. Bd3 c5 6. dxc5 Bxc5 7. Nf3 O-O 8. O-O h6 9. Bf4 Nc6 10. Qd2 Bg4 11. Bxh6 Bxf3 12. Bxg7 Kxg7 13. Qg5+ Kh8 14. Qh6+ Kg8 15. gxf3 Ne5 16. Kh1 Neg4 17. Rg1 Re8 18. fxg4 Ne4 19. Nxe4 dxe4 20. Bc4 Qb6 21. g5 Qxh6 22. gxh6+ Kh7 23. Bxf7 Re7 24. Rg7+ Kxh6 25. Rag1 1-0


[Site "https://www.chess.com"]

[Event "Titled Tuesday Blitz November 01 Late 2022"]
[White "Novik, Maxim"]
[Black "Ivic, Velimir"]
[WhiteFideId "4102924"]
[BlackFideId "950122"]
[WhiteElo "2312"]
[BlackElo "2625"]
[Result "0-1"]
[Round "01"]
[TimeControl "180+1"]
[Date "2022.11.02"]
[WhiteClock "0:00:16"]
[BlackClock "0:01:54"]

1. e4 c5 2. Nf3 d6 3. d4 cxd4 4. Nxd4 Nf6 5. Nc3 a6 6. f4 e5 7. Nf3 Qc7 8. a4 Nbd7 9. Bd3 Be7 10. O-O O-O 11. Kh1 b6 12. Qe1 Bb7 13. fxe5 dxe5 14. Nh4 g6 15. Bh6 Rfe8 16. Nf5 Bf8 17. Bxf8 Rxf8 18. Ne7+ Kg7 19. Qh4 Qd6 20. Ned5 Nxd5 21. exd5 f5 22. Rad1 Rae8 23. Be2 e4 24. Qf4 Ne5 25. h3 h6 26. Qe3 Kh7 27. Qd4 Nd7 28. Rde1 Nf6 29. Rd1 f4 30. Bg4 Nxg4 31. hxg4 e3 32. Ne4 Qe5 33. Qxe5 Rxe5 34. Nc3 e2 35. Rfe1 exd1=Q 0-1


[Site "https://www.chess.com"]

[Event "Titled Tuesday Blitz November 01 Late 2022"]
[White "Olenik Campa, Rudi"]
[Black "Levitskiy, Andrey"]
[WhiteFideId "14633264"]
[BlackFideId "14132885"]
[WhiteElo "2051"]
[BlackElo "2318"]
[Result "1-0"]
[Round "01"]
[TimeControl "180+1"]
[Date "2022.11.02"]
[WhiteClock "0:00:57"]
[BlackClock "0:00:04"]

1. e4 e6 2. d4 d5 3. exd5 exd5 4. Bd3 Nc6 5. c3 Bd6 6. Ne2 Nge7 7. O-O Bg4 8. f3 Bh5 9. Bf4 Bg6 10. Na3 a6 11. Nc2 O-O 12. Ne3 Re8 13. Ng4 Bxf4 14. Nxf4 Qd6 15. Nxg6 Nxg6 16. Bxg6 hxg6 17. Qd2 Re6 18. Rfe1 Rae8 19. Rxe6 Qxe6 20. Kf2 f5 21. Ne3 Na5 22. b3 b6 23. Re1 Nb7 24. Nxd5 Qd7 25. Rxe8+ Qxe8 26. Nxc7 Qc6 27. Nxa6 Nd6 28. d5 Qb5 29. Nb4 Qc5+ 30. Qd4 Qc7 31. c4 Nb7 32. Nc6 Nc5 33. b4 Nd7 34. a4 Qxh2 35. d6 f4 36. Ne7+ Kh7 37. Qe4 Qh4+ 38. Ke2 Qg5 39. Kd1 Nf6 40. Qxg6+ Qxg6 41. Nxg6 Kxg6 42. a5 bxa5 43. bxa5 Nd7 44. a6 Kf7 45. c5 Ke6 46. a7 1-0


[Site "https://www.chess.com"]

[Event "Titled Tuesday Blitz November 01 Late 2022"]
[White "Ozdemir, Serhan Berat"]
[Black "Erigaisi Arjun"]
[WhiteFideId "6374611"]
[BlackFideId "35009192"]
[WhiteElo "2016"]
[BlackElo "2745"]
[Result "0-1"]
[Round "01"]
[TimeControl "180+1"]
[Date "2022.11.01"]
[WhiteClock "0:00:01"]
[BlackClock "0:01:30"]

1. e4 e6 2. d4 d5 3. Nd2 Nf6 4. e5 Ne4 5. Nxe4 dxe4 6. Be3 b6 7. Qg4 Bb7 8. Ne2 h5 9. Qf4 Qd5 10. Nc3 Bb4 11. a3 Bxc3+ 12. bxc3 Nc6 13. Be2 Qa5 14. Bd2 Ne7 15. O-O Nd5 16. Qxe4 O-O-O 17. Bf3 Qa6 18. Rfb1 g5 19. c4 g4 20. cxd5 gxf3 21. Qxf3 Bxd5 22. Qd3 Qa4 23. Rb4 Qc6 24. f3 Rhg8 25. Kf2 a5 26. Rb2 h4 27. Be3 h3 28. g3 Bxf3 29. c4 Be4 30. d5 exd5 31. cxd5 Rxd5 32. Qe2 Rxe5 33. Rc1 Qf6+ 34. Kg1 Bb7 35. Bf4 Rxe2 36. Rxc7+ Kd8 37. Rxe2 Qxf4 38. Rxb7 Rxg3+ 39. hxg3 Qxg3+ 40. Kf1 Qf3+ 0-1


[Site "https://www.chess.com"]

[Event "Titled Tuesday Blitz November 01 Late 2022"]
[White "Ozer, Omer Faruk"]
[Black "Wieczorek, Zbigniew"]
[WhiteFideId "6354564"]
[BlackFideId "1102001"]
[WhiteElo "2260"]
[BlackElo "2273"]
[Result "1-0"]
[Round "01"]
[TimeControl "180+1"]
[Date "2022.11.02"]
[WhiteClock "0:01:12"]
[BlackClock "0:00:16"]

1. e4 g6 2. Bc4 c6 3. Bb3 d5 4. Nc3 Nf6 5. Nf3 Bg7 6. O-O Bg4 7. h3 Bxf3 8. Qxf3 dxe4 9. Nxe4 O-O 10. Nxf6+ Bxf6 11. c3 Nd7 12. d4 e5 13. d5 Rc8 14. Rd1 c5 15. d6 c4 16. Bc2 b6 17. a4 a5 18. Rd5 Bg5 19. Qg4 Bxc1 20. Rxc1 f5 21. Qe2 Qf6 22. Rcd1 Kg7 23. Rb5 Rfe8 24. Bb1 e4 25. Ba2 Qe6 26. Rd4 Rc6 27. Bxc4 Qf6 28. Rbd5 Ne5 29. Bb5 Qg5 30. Rxe5 1-0


[Site "https://www.chess.com"]

[Event "Titled Tuesday Blitz November 01 Late 2022"]
[White "Pace, Christopher"]
[Black "Valdes Romero, Leonardo"]
[WhiteFideId "2610167"]
[BlackFideId "6500331"]
[WhiteElo "2275"]
[BlackElo "2494"]
[Result "1/2-1/2"]
[Round "01"]
[TimeControl "180+1"]
[Date "2022.11.02"]
[WhiteClock "0:00:11"]
[BlackClock "0:00:16"]

1. d4 d6 2. e4 Nf6 3. Nc3 e5 4. Nf3 Nbd7 5. Bc4 Be7 6. O-O O-O 7. h3 c6 8. a4 b6 9. d5 cxd5 10. Nxd5 Bb7 11. Re1 Rc8 12. b3 Nxd5 13. Bxd5 Bxd5 14. exd5 f5 15. Nd2 Bf6 16. Nc4 Nc5 17. Bb2 g6 18. Qe2 Re8 19. Rad1 Qc7 20. Ba3 e4 21. Bc1 Qd7 22. Bf4 Be7 23. g4 Rf8 24. g5 Rf7 25. h4 Re8 26. Qe3 Bf8 27. Qg3 Qd8 28. Bxd6 Rd7 29. Bxf8 Rxf8 30. d6 Qe8 31. Ne5 Rd8 32. d7 Qe6 33. b4 Nxa4 34. Qb3 Qxb3 35. cxb3 Nc3 36. Rc1 Nd5 37. Red1 Nxb4 38. Rc7 Nd3 39. Nxd3 exd3 40. Rxd3 Kf7 41. Rxa7 Ke7 42. Rb7 b5 43. b4 Rf7 44. f4 Kf8 45. Kf2 Re7 46. Kf3 Kf7 47. Rd6 Re4 48. Rxb5 Re7 49. Rb7 Re1 50. b5 Ke7 51. Rd3 Rf1+ 52. Kg2 Rb1 53. b6 Rb2+ 54. Kf3 Rb1 55. Re3+ Kf7 56. Rc3 Ke7 57. Re3+ Kf7 58. Rc3 Ke7 59. Re3+ 1/2-1/2


[Site "https://www.chess.com"]

[Event "Titled Tuesday Blitz November 01 Late 2022"]
[White "Paravyan, David"]
[Black "Castellanos Gomez, Alejandro"]
[WhiteFideId "4194985"]
[BlackFideId "22284141"]
[WhiteElo "2555"]
[BlackElo "2168"]
[Result "1-0"]
[Round "01"]
[TimeControl "180+1"]
[Date "2022.11.01"]
[WhiteClock "0:00:49"]
[BlackClock "0:00:08"]

1. e4 e6 2. d4 d5 3. Nc3 Nf6 4. Bg5 Be7 5. e5 Nfd7 6. Bxe7 Qxe7 7. f4 O-O 8. Nf3 c5 9. Nb5 Nc6 10. c3 a6 11. Nd6 f6 12. Bd3 fxe5 13. fxe5 cxd4 14. cxd4 Rxf3 15. Qxf3 Nxd4 16. Qh3 g6 17. O-O Nxe5 18. Nxc8 Rxc8 19. Rae1 Qd6 20. Kh1 Nxd3 21. Qxd3 e5 22. Qe3 Re8 23. Rf2 Nf5 24. Qg5 Qe7 25. Rxf5 Kg7 26. Qxe7+ Rxe7 27. Rfxe5 1-0


[Site "https://www.chess.com"]

[Event "Titled Tuesday Blitz November 01 Late 2022"]
[White "Petrova, Irina"]
[Black "Pakleza, Zbigniew"]
[WhiteFideId "14124122"]
[BlackFideId "1119290"]
[WhiteElo "2023"]
[BlackElo "2411"]
[Result "0-1"]
[Round "01"]
[TimeControl "180+1"]
[Date "2022.11.02"]
[WhiteClock "0:00:41"]
[BlackClock "0:01:04"]

1. e4 d6 2. d4 Nf6 3. Nc3 c6 4. Nf3 Bg4 5. h3 Bh5 6. Be3 e6 7. g4 Bg6 8. Bd3 d5 9. e5 Nfd7 10. h4 c5 11. h5 Bxd3 12. Qxd3 Nc6 13. O-O-O cxd4 14. Bxd4 Nxd4 15. Qxd4 Bc5 16. Qf4 h6 17. g5 Bxf2 18. gxh6 gxh6 19. Kb1 Qb6 20. Rhf1 Be3 21. Qa4 O-O-O 22. Nb5 Nc5 23. Qa3 Qxb5 24. Qxe3 Ne4 25. Nd4 Qd7 26. c4 Kb8 27. Nb5 b6 28. cxd5 Qxb5 29. Qxe4 Rxd5 30. Rxd5 Qxf1+ 0-1


[Site "https://www.chess.com"]

[Event "Titled Tuesday Blitz November 01 Late 2022"]
[White "Petrovic, Aleksa"]
[Black "Baskakov, Egor"]
[WhiteFideId "967629"]
[BlackFideId "24197866"]
[WhiteElo "2242"]
[BlackElo "2211"]
[Result "0-1"]
[Round "01"]
[TimeControl "180+1"]
[Date "2022.11.02"]
[WhiteClock "0:00:01"]
[BlackClock "0:01:01"]

1. d4 Nf6 2. c4 e6 3. Nf3 d5 4. Nc3 Ne4 5. e3 f5 6. Bd3 c6 7. O-O Be7 8. Ne2 O-O 9. b3 Bd7 10. Ne5 Be8 11. f3 Nf6 12. Nf4 Qc8 13. Qc2 g5 14. Ne2 Nbd7 15. Bb2 Qd8 16. g4 Nxe5 17. dxe5 Ne4 18. Nd4 Nc5 19. gxf5 Nxd3 20. Qxd3 exf5 21. Ne6 dxc4 22. Qxc4 Bf7 23. Nxd8 Bxc4 24. bxc4 Raxd8 25. Rfd1 Kf7 26. Bd4 b6 27. a4 Bb4 28. Kf2 Ke6 29. Rab1 c5 30. Bb2 h5 31. Ke2 g4 32. f4 h4 33. e4 fxe4 34. Ke3 Kf5 35. Rd5 g3 36. hxg3 hxg3 37. Rg1 Rg8 38. e6+ Kxe6 39. Kxe4 Rde8 40. Re5+ Kf7 41. Rg2 Be1 42. Kd5 Rxe5+ 43. fxe5 Bf2 44. e6+ Ke7 45. Bc1 Rg4 46. Kc6 Kxe6 47. Kb7 Rg7+ 48. Ka6 Kf5 49. Bb2 Rd7 50. a5 bxa5 51. Kxa5 Ke4 52. Bc3 Kf3 0-1


[Site "https://www.chess.com"]

[Event "Titled Tuesday Blitz November 01 Late 2022"]
[White "Plat, Vojtech"]
[Black "Pham, Khoi"]
[WhiteFideId "325740"]
[BlackFideId "1054988"]
[WhiteElo "2514"]
[BlackElo "2477"]
[Result "1-0"]
[Round "01"]
[TimeControl "180+1"]
[Date "2022.11.02"]
[WhiteClock "0:01:15"]
[BlackClock "0:00:01"]

1. e4 e6 2. d4 d5 3. Nd2 c5 4. exd5 Qxd5 5. Ngf3 cxd4 6. Bc4 Qd6 7. O-O Nf6 8. Nb3 Be7 9. Nbxd4 O-O 10. Re1 a6 11. c3 b6 12. Bd3 Bb7 13. Ne5 Nbd7 14. Bf4 Nxe5 15. Bxe5 Qd8 16. Qc2 h6 17. Rad1 Qe8 18. Qe2 b5 19. Bb1 Rd8 20. Qc2 g6 21. h3 Rd5 22. Qc1 Kh7 23. Qf4 Nd7 24. Bc7 Bg5 25. Qg3 Qe7 26. Nf3 Qf6 27. h4 Rxd1 28. Rxd1 Bxf3 29. hxg5 Bxd1 30. gxf6 Nxf6 31. Qd6 1-0


[Site "https://www.chess.com"]

[Event "Titled Tuesday Blitz November 01 Late 2022"]
[White "Popilski, Gil"]
[Black "Dubov, Daniil"]
[WhiteFideId "2809060"]
[BlackFideId "24126055"]
[WhiteElo "2537"]
[BlackElo "2791"]
[Result "1-0"]
[Round "01"]
[TimeControl "180+1"]
[Date "2022.11.01"]
[WhiteClock "0:00:14"]
[BlackClock "0:00:19"]

1. e4 c6 2. d4 d5 3. exd5 cxd5 4. c4 Nf6 5. Nc3 g6 6. cxd5 Bg7 7. Qb3 O-O 8. Be2 Na6 9. Bf3 e5 10. Nge2 exd4 11. Nxd4 Nc5 12. Qc4 Re8+ 13. Be3 Ncd7 14. O-O Ne5 15. Qb3 Bg4 16. Bd1 Rc8 17. h3 Bxd1 18. Raxd1 Nc4 19. Bg5 h6 20. Bh4 Qd7 21. Nf3 Ne4 22. Rfe1 Nxc3 23. Rxe8+ Rxe8 24. bxc3 Re4 25. Bg3 Kh7 26. Nd2 Nxd2 27. Rxd2 Re1+ 28. Kh2 h5 29. d6 Rc1 30. Qa3 Rxc3 31. Qxa7 Bf6 32. Qa5 b6 33. Qd5 h4 34. Bf4 Rc5 35. Qb3 Rf5 36. Qc4 Kg7 37. Qc7 Qe6 38. d7 Rxf4 39. Qxf4 Be5 40. Qxe5+ Qxe5+ 41. g3 hxg3+ 42. fxg3 Qe3 43. d8=Q Kh7 44. Qd4 Qe6 45. Rf2 Kg8 46. Qf6 Qc4 47. Qxb6 Kh7 48. Qf6 Kh6 49. Qh8+ Kg5 50. h4+ Kg4 51. Rf4+ 1-0


[Site "https://www.chess.com"]

[Event "Titled Tuesday Blitz November 01 Late 2022"]
[White "Potapova, Margarita"]
[Black "Muradli, Mahammad"]
[WhiteFideId "14126869"]
[BlackFideId "13409301"]
[WhiteElo "2150"]
[BlackElo "2611"]
[Result "0-1"]
[Round "01"]
[TimeControl "180+1"]
[Date "2022.11.01"]
[WhiteClock "0:00:02"]
[BlackClock "0:00:03"]

1. d4 d6 2. Bf4 g6 3. Nf3 Bg7 4. e3 Nd7 5. h3 e5 6. Bh2 Ne7 7. Be2 O-O 8. O-O c6 9. c3 e4 10. Nfd2 d5 11. c4 c5 12. cxd5 cxd4 13. exd4 Bxd4 14. Nc3 e3 15. fxe3 Bxe3+ 16. Kh1 Nb6 17. Nc4 Nxc4 18. Bxc4 Nf5 19. Qf3 Bd4 20. Rae1 a6 21. Ne4 b5 22. Bb3 Bb7 23. d6 Ra7 24. g4 Nh4 25. Qf4 Kg7 26. Rd1 Bxb2 27. g5 Nf5 28. Kg1 Qb6+ 29. Rf2 Ba8 30. Qe5+ Bxe5 31. Bxe5+ f6 32. Nxf6 Rxf6 33. Bxf6+ Kf8 34. d7 Rxd7 35. Rxd7 Ke8 36. Rd2 Qc5 37. Re2+ Kf8 38. Kf1 Ng3+ 39. Ke1 Qc1+ 40. Bd1 Nf5 41. Rc2 Qe3+ 42. Rfe2 Qg1+ 43. Kd2 Bb7 44. Rc7 Qb6 45. Rc2 Qd6+ 46. Kc1 Qa3+ 47. Bb2 Qd6 48. Red2 Qf4 49. Kb1 Be4 50. Bc1 Bxc2+ 51. Bxc2 Qb4+ 52. Ka1 Qc3+ 53. Kb1 Ne3 0-1


[Site "https://www.chess.com"]

[Event "Titled Tuesday Blitz November 01 Late 2022"]
[White "Raja Harshit"]
[Black "Roman, Rodrigo"]
[WhiteFideId "5089000"]
[BlackFideId "3701220"]
[WhiteElo "2437"]
[BlackElo "2001"]
[Result "1/2-1/2"]
[Round "01"]
[TimeControl "180+1"]
[Date "2022.11.02"]
[WhiteClock "0:00:30"]
[BlackClock "0:00:05"]

1. e4 c5 2. Nf3 Nc6 3. Bb5 g6 4. Bxc6 bxc6 5. O-O Bg7 6. e5 d5 7. exd6 exd6 8. d4 cxd4 9. Nxd4 Ne7 10. Bg5 f6 11. Bh4 O-O 12. Nc3 c5 13. Ndb5 d5 14. Bg3 d4 15. Ne4 Qb6 16. c4 Bb7 17. Re1 a6 18. Bd6 axb5 19. Bxe7 Bxe4 20. Bxf8 Rxf8 21. Rxe4 bxc4 22. Qc2 Qa6 23. Rc1 f5 24. Re7 d3 25. Qd2 Qxa2 26. Rd7 Qxb2 27. Qxb2 Bxb2 28. Rxc4 Bd4 29. Rcxd4 cxd4 30. Rxd4 Ra8 31. g4 Ra1+ 32. Kg2 fxg4 33. Rxd3 Ra4 34. Rd7 Rf4 35. Kg3 Rf3+ 36. Kxg4 Rxf2 37. h4 Rf7 38. Rd8+ Kg7 39. h5 Ra7 40. hxg6 hxg6 41. Rd4 Kh6 42. Kh4 Ra5 43. Kg4 Ra1 44. Kh4 Rg1 45. Ra4 Kg7 46. Ra6 Kh7 47. Kh3 Kh6 48. Kh2 Rg4 49. Ra8 Kg5 50. Kh3 Rb4 51. Ra5+ Kf4 52. Ra6 g5 53. Rf6+ Ke5 54. Rf8 Rf4 55. Rg8 Kf5 56. Rf8+ Ke4 57. Rg8 Rf5 58. Kg3 Re5 59. Kg4 Kd5 60. Rc8 Ke6 61. Rc6+ Kd7 62. Ra6 Ke7 63. Kf3 Rc5 64. Ke4 Rb5 65. Kf3 Kf7 66. Kg4 Kg7 67. Rd6 Rc5 68. Rd4 Kf6 69. Rd6+ Ke5 70. Ra6 Ke4 71. Ra3 Kd4 72. Ra4+ Ke3 73. Ra3+ Ke4 74. Ra4+ Ke3 75. Ra3+ Ke4 76. Ra4+ Kd3 77. Ra3+ Ke2 78. Ra2+ Kf1 79. Kf3 Rc3+ 80. Kg4 Rc5 81. Kf3 Rc3+ 82. Kg4 Rc5 1/2-1/2


[Site "https://www.chess.com"]

[Event "Titled Tuesday Blitz November 01 Late 2022"]
[White "Ramirez, Alejandro"]
[Black "Kovanova, Baira"]
[WhiteFideId "6500617"]
[BlackFideId "4164083"]
[WhiteElo "2694"]
[BlackElo "2217"]
[Result "1/2-1/2"]
[Round "01"]
[TimeControl "180+1"]
[Date "2022.11.02"]
[WhiteClock "0:00:15"]
[BlackClock "0:00:09"]

1. e4 c5 2. c3 Nf6 3. e5 Nd5 4. d4 cxd4 5. Nf3 e6 6. cxd4 d6 7. Bc4 Be7 8. O-O O-O 9. Bd2 Bd7 10. Nc3 Bc6 11. Nxd5 Bxd5 12. Bxd5 exd5 13. Qb3 dxe5 14. Qxb7 Nd7 15. Qxd5 exd4 16. Nxd4 Nf6 17. Qxd8 Rfxd8 18. Bc3 Bc5 19. Nc6 Rdc8 20. Bxf6 gxf6 21. Na5 Bd4 22. Rab1 Rc2 23. Nb3 Bxb2 24. Rfd1 Re8 25. Rd2 Bc1 26. Rd1 Bb2 27. Rd3 Ree2 28. Rf3 Be5 29. a3 Bc7 30. Nd4 Rb2 31. Rc1 Red2 32. Nf5 Rbc2 33. Re1 Re2 34. Re3 Rxe3 35. Nxe3 Ra2 36. Nf5 h5 37. g3 Bb6 38. Re8+ Kh7 39. Ne3 Rxa3 40. Nd5 Ra2 41. Nxf6+ Kg6 42. Ne4 f5 43. Re6+ Kg7 44. Ng5 Bxf2+ 45. Kf1 Bc5 46. Rc6 Bb6 47. h4 Rf2+ 48. Ke1 Rg2 49. Ne6+ Kf7 50. Nf4 Rxg3 51. Nxh5 Rh3 52. Rf6+ Ke7 53. Rxf5 Rxh4 54. Ke2 Rh2+ 55. Kd3 Ke6 56. Rb5 Rh3+ 57. Kc2 Rh2+ 58. Kd3 Rh3+ 59. Ke4 Rh4+ 60. Nf4+ Kd7 61. Rf5 Bc7 62. Ke3 Bxf4+ 63. Rxf4 Rxf4 64. Kxf4 Kc6 65. Ke4 Kb5 66. Kd3 Kb4 67. Kc2 Ka3 68. Kb1 Kb3 69. Ka1 a5 70. Kb1 a4 71. Ka1 a3 72. Kb1 a2+ 73. Ka1 Ka3 1/2-1/2


[Site "https://www.chess.com"]

[Event "Titled Tuesday Blitz November 01 Late 2022"]
[White "Rangel, Daniel"]
[Black "Leiva, Gianmarco"]
[WhiteFideId "2124475"]
[BlackFideId "3804399"]
[WhiteElo "2225"]
[BlackElo "2285"]
[Result "0-1"]
[Round "01"]
[TimeControl "180+1"]
[Date "2022.11.02"]
[WhiteClock "0:00:03"]
[BlackClock "0:00:21"]

1. c4 e6 2. g3 d5 3. Bg2 Nf6 4. Nc3 d4 5. Ne4 Nfd7 6. d3 Be7 7. h4 h6 8. Nf3 Nc6 9. a3 a5 10. Bd2 f5 11. Nh2 O-O 12. g4 fxe4 13. Bxe4 Nc5 14. Bg2 Bxh4 15. Nf3 Bf6 16. b4 axb4 17. axb4 Rxa1 18. Qxa1 Nb3 19. Qa2 Nxd2 20. Qxd2 e5 21. b5 Nb8 22. Nh2 c6 23. bxc6 bxc6 24. Be4 Bd7 25. c5 Na6 26. Qa2+ Kh8 27. Qxa6 Qa8 28. Qxa8 Rxa8 29. O-O Kg8 30. f3 Ra2 31. Rb1 Kf8 32. Kf1 Bh4 33. Rb7 Ke8 34. Rb8+ Ke7 35. Rb7 Kd8 36. Rb6 Kc7 37. Rb1 Bg3 38. Kg2 Bf4 39. Nf1 Rxe2+ 40. Kg1 Rc2 41. Ra1 Rxc5 42. Ra7+ Kd6 43. Rb7 Rb5 44. Ra7 Rb2 45. Ra6 Kc7 46. Ra7+ Rb7 47. Ra2 Kd6 48. Kg2 Be6 49. Rc2 Bd5 50. Ng3 Bxg3 51. Kxg3 Bxe4 52. fxe4 Rb3 53. Rd2 c5 54. Kf2 c4 55. dxc4 Kc5 56. Ra2 Kxc4 57. Ra7 Kd3 58. Rxg7 Kxe4 59. Rg6 Kf4 60. Rxh6 Kxg4 61. Rf6 e4 62. Ke2 Rb2+ 63. Kd1 d3 64. Kc1 Rc2+ 65. Kd1 e3 66. Rf7 e2+ 67. Ke1 Rc1+ 68. Kd2 e1=Q+ 69. Kxd3 Rd1+ 70. Kc2 Qd2+ 71. Kb3 Qd3+ 72. Ka2 Qc2+ 73. Ka3 Rd3+ 74. Kb4 Rb3+ 75. Ka5 Qa2# 0-1


[Site "https://www.chess.com"]

[Event "Titled Tuesday Blitz November 01 Late 2022"]
[White "Rasulov, Vugar"]
[Black "Ferreira, Vitor Hugo Vieira"]
[WhiteFideId "13402390"]
[BlackFideId "2119765"]
[WhiteElo "2509"]
[BlackElo "2168"]
[Result "1-0"]
[Round "01"]
[TimeControl "180+1"]
[Date "2022.11.02"]
[WhiteClock "0:02:52"]
[BlackClock "0:02:32"]

1. e4 c6 2. d4 d5 3. exd5 cxd5 4. Nf3 Nc6 5. Ne5 Nxe5 6. dxe5 e6 7. Bd3 Ne7 8. O-O Nc6 9. Re1 Be7 10. Qg4 g6 11. Bh6 Bf8 12. Bxf8 Kxf8 13. Nd2 Kg7 14. Nf3 Bd7 15. h4 h5 16. Qf4 Nb4 17. Qxb4 1-0


[Site "https://www.chess.com"]

[Event "Titled Tuesday Blitz November 01 Late 2022"]
[White "Richter, Paul"]
[Black "Floresvillar Gonzalez, Luis Migu"]
[WhiteFideId "2046350"]
[BlackFideId "5100542"]
[WhiteElo "2577"]
[BlackElo "2040"]
[Result "1-0"]
[Round "01"]
[TimeControl "180+1"]
[Date "2022.11.02"]
[WhiteClock "0:00:42"]
[BlackClock "0:00:19"]

1. e4 c6 2. Nc3 d5 3. Nf3 dxe4 4. Nxe4 Bg4 5. h3 Bxf3 6. Qxf3 Nf6 7. d3 Nxe4 8. dxe4 e6 9. Be3 Nd7 10. O-O-O Be7 11. Qg3 O-O 12. Bd4 g6 13. h4 Qa5 14. Bc3 Qxa2 15. Rxd7 Rad8 16. Rd3 Rxd3 17. cxd3 Qa1+ 18. Kc2 h5 19. Qe5 f6 20. Qxe6+ Rf7 21. d4 Kg7 22. Qxf7+ 1-0


[Site "https://www.chess.com"]